 Dungeon Crawl Stone Soup version 0.18.1-48-g4cf74bf (webtiles) character file.

31 Jonno22 the Shield-Bearer (level 2, 0/25 HPs)
             Began as a Demigod Fighter on Aug 19, 2016.
             Slain by a goblin
             ... wielding a +0 dagger
             ... led by Robin
              (2 damage)
             ... on level 2 of the Dungeon.
             The game lasted 00:11:26 (1139 turns).

Jonno22 the Shield-Bearer (Demigod Fighter)         Turns: 1139, Time: 00:11:26

Health: 0/25       AC:  6    Str: 19    XL:     2   Next: 90%
Magic:  4/4        EV:  7    Int: 12    God:
Gold:   53         SH:  9    Dex: 15    Spells: 0 memorised, 1 level left

rFire  . . .     SeeInvis .     a - +1 long sword
rCold  . . .     Gourm    .     b - +0 scale mail
rNeg   . . .     Faith    .     c - +0 shield
rPois  .         Spirit   .     (no helmet)
rElec  .         Dismiss  .     (no cloak)
rCorr  .         Reflect  .     (no gloves)
SustAt +         Harm     .     (no boots)
MR     .....                    (no amulet)
Stlth  ..........               (no ring)
                                (no ring)

@: not resistant to hostile enchantments, extremely unstealthy
A: high mp 1, sustain attributes
a: no special abilities


You were on level 2 of the Dungeon.
You were not hungry.

You visited 1 branch of the dungeon, and saw 2 of its levels.

You collected 53 gold pieces.

Inventory:

Hand Weapons
 a - a +1 long sword (weapon)
 e - a +0 club
 i - a +0 club
 n - a +0 club
 p - a +2 dagger of venom
 u - a +0 short sword
 v - a +0 dagger
 x - a +0 short sword
 y - a +0 dagger
Missiles
 j - 12 arrows
 k - 65 stones (quivered)
 w - 14 bolts
 z - 11 poisoned needles
Armour
 b - a +0 scale mail (worn)
 c - a +0 shield (worn)
 m - a +0 robe
 q - a +0 leather armour
Jewellery
 r - an uncursed ring of wizardry {unknown}
Scrolls
 h - a scroll of identify {unknown}
 t - a scroll of blinking {unknown}
Potions
 d - a potion of might
 g - a potion of haste {unknown}
 l - a potion of invisibility {unknown}
 o - a potion of cure mutation {unknown}
 s - a potion of brilliance {unknown}
Comestibles
 f - a bread ration


   Skills:
 + Level 2.8 Fighting
 + Level 2.1 Long Blades
 + Level 3.0 Armour
 + Level 0.6 Dodging
 + Level 3.0 Shields


You had one spell level left.
You didn't know any spells.

Dungeon Overview and Level Annotations

Branches:
Dungeon (2/15)

Annotations:
D:2 Robin


Innate Abilities, Weirdness & Mutations

You have an increased reservoir of magic (+10% MP).
Your attributes are resistant to harm.


Message History

The goblin hits you with a dagger. The hobgoblin hits you with a club.
You block the hobgoblin's attack. The goblin barely misses you.
The goblin hits you but does no damage.
The hobgoblin hits you but does no damage.
A goblin comes into view. It is wielding a dagger.
You block the goblin's attack. The goblin hits you with a dagger.
The hobgoblin closely misses you.
You hit the hobgoblin.
The hobgoblin is severely wounded.
You block the hobgoblin's attack. The goblin barely misses you.
The goblin hits you but does no damage. The hobgoblin hits you with a club!
* * * LOW HITPOINT WARNING * * *
You block the goblin's attack. The hobgoblin barely misses you.
Robin throws the goblin at you! You block the goblin's attack.
The goblin hits you with a dagger.
* * * LOW HITPOINT WARNING * * *
Robin throws the goblin at you! You block the goblin's attack. x2
The goblin hits you but does no damage. The goblin hits you with a dagger.
You die...

###... #. ..gg# # #..
#g.###.### #.. #.g.......
##..###.g.##.###
##......g.g...#
#.......gg.####
#>......ggg#
#.......g@.######.#
#..........<......#
#.....####################
#........................#
#.##..#...#...#...#...#..#
#.##...................._#
#.###.#...#...#...#...#..#
#........................#
#####.####################


You could see Robin, 4 hobgoblins and 8 goblins.

Vanquished Creatures
  An ooze (D:1)
  A dart slug (D:2)
  A giant gecko (D:1)
  A ball python (D:1)
  3 giant cockroaches (D:1)
  2 hobgoblins (D:1)
  3 bats (D:1)
  4 giant newts (D:1)
  3 goblins (D:1)
  3 kobolds (D:1)
  2 rats (D:1)
  A bush (D:1)
25 creatures vanquished.

Notes
Turn   | Place    | Note
--------------------------------------------------------------
     0 | D:1      | Jonno22 the Demigod Fighter began the quest for the Orb.
     0 | D:1      | Reached XP level 1. HP: 18/18 MP: 3/3
   247 | D:1      | Reached XP level 2. HP: 21/25 MP: 4/4
   722 | D:1      | You fall through a shaft!
   722 | D:2      | Found a radiant altar of Vehumet.
  1131 | D:2      | Noticed Robin
  1139 | D:2      | Slain by a goblin

Skill      XL: |  1  2 |
---------------+-------+-----
Long Blades    | 2 |  2.1
Shields        | 3 |  3.0
Armour         | 3 |  3.0
Fighting       | |  2.8
Dodging        | |  0.6

Action                   || total
-------------------------++-------
Melee: Long sword        ||   176
  Use: Scroll            ||     1
  Eat: Bread ration      ||     1
Armor: Scale mail        ||    69
Dodge: Dodged            ||    35
Block: Shield            ||    77
